 Dungeon Crawl Stone Soup version 0.29-a0-993-g4a18f31a58 (webtiles) character file.

Game seed: 16370938419513236603

461 iguanaiguana the Digger (level 7, -1/36 HPs)
             Began as a Gargoyle Earth Elementalist on Aug 3, 2022.
             Slain by a vampire (2 damage)
             ... on level 8 of the Dungeon.
             The game lasted 00:10:50 (4874 turns).

iguanaiguana the Digger (GrEE)                      Turns: 4874, Time: 00:10:51

Health: -1/36      AC:  9    Str: 12    XL:     7   Next: 7%
Magic:  2/11       EV: 12    Int: 17    God:
Gold:   214        SH:  0    Dex: 10    Spells: 6/12 levels left

rFire   . . .      SeeInvis .   D - +4 quarterstaff (chaos)
rCold   . . .      Faith    .   (shield currently unavailable)
rNeg    + . .      Spirit   .   a - +0 robe
rPois   ∞          Reflect  .   f - +0 helmet
rElec   +          Harm     .   C - +0 cloak
rCorr   +          Rampage  .   (no gloves)
Will    .....                   m - +0 pair of boots
Stlth   ++........              (no amulet)
HPRegen 0.12/turn               d - ring of resist corrosion
MPRegen 0.12/turn               (no ring)

@: no status effects
A: sickness immunity, AC +4, negative energy resistance 1, electricity
resistance, torment resistance 1, petrification resistance
a: no special abilities


You were on level 8 of the Dungeon.
You visited 1 branch of the dungeon, and saw 6 of its levels.

You collected 214 gold pieces.

Inventory:

Hand Weapons
 D - a +4 quarterstaff of chaos (weapon)
Missiles
 q - 4 poisoned darts
 s - 6 atropa-tipped darts
Armour
 a - a +0 robe (worn)
 f - a +0 helmet (worn)
 m - a +0 pair of boots (worn)
 C - a +0 cloak (worn)
Magical Staves
 x - a staff of earth
Jewellery
 d - a ring of resist corrosion (left hand)
Wands
 r - a wand of flame (12)
 A - a wand of digging (1) {@v3}
Scrolls
 e - 3 scrolls of fear {unknown}
 h - 2 scrolls of teleportation {unknown}
 j - a scroll of fog {unknown}
 k - a scroll of blinking {unknown}
 t - 2 scrolls of enchant armour {unknown}
 v - 2 scrolls of amnesia {unknown}
 w - a scroll of noise {unknown}
 y - a scroll of vulnerability {unknown}
 z - a scroll of summoning {unknown}
 B - 2 scrolls of enchant weapon
Potions
 b - a potion of magic
 c - 4 potions of curing {@q1}
 g - 2 potions of flight {unknown}
 i - a potion of ambrosia {unknown}
 l - a potion of mutation {unknown}
 n - a potion of degeneration {unknown}
 o - a potion of attraction {unknown}
 p - a potion of haste {unknown}


   Skills:
 - Level 1.7 Dodging
 - Level 2.3 Stealth
 + Level 3.2 Spellcasting
 - Level 5.0 Conjurations
 - Level 1.0 Transmutations
 - Level 6.2 Earth Magic


You had 6 spell levels left.
You knew the following spells:

 Your Spells              Type           Power      Damage    Failure   Level
a - Sandblast             Erth           46%        2d11      1%          1
b - Stone Arrow           Conj/Erth      42%        3d9       4%          3
c - Passwall              Tmut/Erth      12%        N/A       6%          2

Your spell library contained the following spells:

 Spells                   Type           Power      Damage    Failure   Level
 Sting                    Tmut/Pois      16%        1d3       14%         1
 Ensorcelled Hibernation  Hex/Ice        4%         N/A       26%         2
 Poisonous Vapours        Pois/Air       4%         N/A       26%         2
 Petrify                  Tmut/Erth      15%        N/A       36%         4
 Swiftness                Air            2%         N/A       45%         3
 Olgreb's Toxic Radiance  Pois           2%         N/A       86%         4


Dungeon Overview and Level Annotations

Branches:
Dungeon (5/15) Zot: 26804
 Temple: D:4-7

Altars:
Gozag
Ru
Sif Muna
Zin


Innate Abilities, Weirdness & Mutations

You are immune to sickness and miasma.
Your stone body is resilient. (AC +4)
You are immune to poison.
You resist negative energy. (rN+)
You are resistant to electric shocks. (rElec)
You are resistant to unholy torment.
You are immune to petrification.


Message History

Unknown command.
Casting: Stone Arrow (dangerous; 4% risk of failure)
Confirm with . or Enter, or press ? or * to list all spells.
Aiming: Stone Arrow (dangerous; 4% risk of failure)
Press: ? - help, Shift-Dir - straight line You feel a surge of power!
Casting: Stone Arrow (dangerous; 4% risk of failure)
Confirm with . or Enter, or press ? or * to list all spells.
Aiming: Stone Arrow (dangerous; 4% risk of failure)
Press: ? - help, Shift-Dir - straight line You feel a surge of power!
The stone arrow hits something!
Casting: Stone Arrow (dangerous; 4% risk of failure)
Confirm with . or Enter, or press ? or * to list all spells.
Aiming: Sandblast (safe; 1% risk of failure)
Press: ? - help, Shift-Dir - straight line You feel a surge of power!
The blast of sand hits something.
Something hits you.
You hear some strange, mumbled words.
You are confused.
Your +3 quarterstaff of chaos is briefly surrounded by a scintillating aura of random colours.
D - a +3 quarterstaff of chaos (weapon)
You hear some strange, mumbled words.
You are more confused.
Something hits you!
You closely miss something.
You bump into the rock wall.
Something hits you! Something bites you.
* * * LOW HITPOINT WARNING * * *
You completely miss something. Something hits you.
* * * LOW HITPOINT WARNING * * *
Something bites you!
* * * LOW HITPOINT WARNING * * *
You are too confused!
It was a potion of curing.
You feel better. Something hits you!
* * * LOW HITPOINT WARNING * * *
Okay, then.
As you read the scroll labelled NOT BARUMO CUTAZI, it crumbles to dust.
It is a scroll of enchant weapon.
Your +3 quarterstaff of chaos glows red for a moment.
Something hits you.
You die...

#.....######
#...........
####.).........
...............
...............
...............
###'###+###
##########.........#
.......@#..........#
........'..........#
.#####'###....##'######.
... #######.........
..... #.....')........
...... #...)†#.........
..P.⌠. ###+###.........
#..............#+##+##.
P♣..........#


There were no monsters in sight!

Vanquished Creatures
  2 scorpions
  A quasit (D:8)
  A jelly (D:4)
  An orc priest (D:3)
  Crazy Yiuf (D:4)
  2 hounds (D:4)
  6 adders
  A worm (D:3)
  2 dart slugs
  8 orcs
  13 ball pythons
  5 endoplasms
  4 giant cockroaches
  5 hobgoblins
  3 jackals (D:4)
  12 kobolds
  4 quokkas
  11 bats
  A frilled lizard (D:2)
  9 goblins
  9 rats
101 creatures vanquished.

Notes
Turn   | Place    | Note
-------+----------+-------------------------------------------
     0 | D:1      | iguanaiguana the Gargoyle Earth Elementalist began the
                  | quest for the Orb.
     0 | D:1      | Reached XP level 1. HP: 10/10 MP: 3/3
   141 | D:1      | Found a faded altar of an unknown god.
   147 | D:1      | Reached skill level 1 in Transmutations
   147 | D:1      | Reached XP level 2. HP: 15/15 MP: 3/5
   231 | D:1      | Reached skill level 4 in Earth Magic
   515 | D:1      | Reached XP level 3. HP: 14/19 MP: 1/6
   786 | D:2      | Reached skill level 5 in Earth Magic
  1161 | D:2      | Reached XP level 4. HP: 24/24 MP: 5/7
  1561 | D:3      | Reached skill level 6 in Earth Magic
  1996 | D:2      | HP: 1/24 [goblin/+0 club (2)]
  2002 | D:2      | Learned a level 2 spell: Passwall
  2006 | D:2      | Learned a level 3 spell: Stone Arrow
  2426 | D:3      | Reached skill level 1 in Conjurations
  2426 | D:3      | Reached XP level 5. HP: 6/28 MP: 0/8
  2801 | D:3      | Found a shimmering blue altar of Sif Muna.
  3525 | D:4      | Found a runed translucent door.
  3526 | D:4      | Noticed Crazy Yiuf
  3907 | D:4      | Found an opulent altar of Gozag.
  4096 | D:4      | Found a glowing silver altar of Zin.
  4165 | D:4      | Found a sacrificial altar of Ru.
  4310 | D:4      | Killed Crazy Yiuf
  4311 | D:4      | Reached XP level 6. HP: 32/32 MP: 4/9
  4409 | D:5      | Entered Level 5 of the Dungeon
  4565 | D:4      | Reached skill level 5 in Conjurations
  4684 | D:5      | You fall into a shaft and drop 3 floors!
  4761 | D:8      | Reached XP level 7. HP: 36/36 MP: 1/11
  4860 | D:8      | Noticed a vampire
  4873 | D:8      | HP: 1/36 [something (10)]
  4874 | D:8      | Slain by a vampire

Illustrated notes

Levels and vault maps discovered:
D:1:      dpeg_arrival_tiny_i, layout_rooms, ebering_ecumenical_altar_mist,
          due_unseen_surprise
D:2:      layout_rooms
D:3:      layout_loops_ring, lemuel_doored_altar, saegor_snake_ambush
D:4:      nicolae_cairo_tiling_very_big, layout_loops_ring,
          pdpol_temple_overflow_zin_treasury_gozag_greed, hangedman_ru_absence,
          uniq_crazy_yiuf_cottage
D:5:      layout_rooms
D:8:      layout_gridville, mainiacjoe_overflow_24_doors, amcnicky_altar_gilded,
          serial_demonic, serial_demonic_c, serial_demonic_b, serial_demonic_e,
          serial_demonic_a, serial_demonic_e, serial_demonic_e, serial_shops,
          shop_fountains, st_stairs_6

Skill      XL: |  1  2  3  4  5  6 |
---------------+-------------------+-----
Transmutations | 1 |  1.0
Earth Magic    | 4 5 6 |  6.2
Conjurations   | 1 3 5 |  5.0
Spellcasting   | 3 |  3.2
Dodging        | |  1.7
Stealth        | |  2.3

Action                   |  1- 3 |  4- 6 |  7- 9 || total
-------------------------+-------+-------+-------++-------
Melee: Unarmed           |     7 |     1 |       ||     8
       Short sword       |       |     6 |       ||     6
       Quarterstaff      |       |       |     2 ||     2
 Cast: Sandblast         |    50 |    92 |     1 ||   143
       Stone Arrow       |       |    11 |     3 ||    14
  Use: Scroll            |       |       |     1 ||     1
       Potion            |       |       |     1 ||     1
Armor: Robe              |    18 |    27 |     6 ||    51
Dodge: Dodged            |    36 |    47 |     1 ||    84

Table legend: (Time is in decaauts)
 A = Elapsed time spent in this place.
 B = Non-inter-level travel time spent in this place.
 C = Inter-level travel time spent in this place.
 D = Time resting spent in this place.
 E = Time spent auto-exploring this place.
 F = Levels seen in this place.
 G = Mean time per level.
                   A        B        C        D        E       F      G
               +--------+--------+--------+--------+--------+-----+--------+
         Total |   5038 |   4785 |    253 |   1083 |   2996 |   6 |  839.7 |
       Dungeon |   5038 |   4785 |    253 |   1083 |   2996 |   6 |  839.7 |
               +--------+--------+--------+--------+--------+-----+--------+

Top non-repeatable levels by time:
     D:4: 1593 daAuts
     D:2: 1403 daAuts
     D:3: 1004 daAuts
     D:1: 801 daAuts
     D:8: 194 daAuts
     D:5: 40 daAuts
